 Dungeon Crawl Stone Soup version 0.18.1-48-g4cf74bf (webtiles) character file.

219 Gargoyl the Covered (level 5, -3/42 HPs)
             Began as a Demonspawn Abyssal Knight on Aug 25, 2016.
             Was a Believer of Lugonu.
             Killed by nerve-wracking pain
             ... invoked by an orc priest
              (12 damage)
             ... on level 3 of the Dungeon.
             The game lasted 00:05:17 (3407 turns).

Gargoyl the Covered (Demonspawn Abyssal Knight)     Turns: 3407, Time: 00:05:18

Health: -3/42      AC: 13    Str: 12 (14) XL:     5   Next: 64%
Magic:  7/7        EV:  3    Int: 11 (13) God:    Lugonu [**....]
Gold:   72         SH:  0    Dex: 10 (12) Spells: 0 memorised, 4 levels left

rFire  . . .     SeeInvis .     b - +0 blowgun
rCold  . . .     Gourm    .     j - +0 plate armour
rNeg   . . .     Faith    .     (no shield)
rPois  .         Spirit   .     (no helmet)
rElec  .         Dismiss  .     (no cloak)
rCorr  .         Reflect  .     k - +0 pair of gloves (curse)
SustAt .         Harm     .     (no boots)
MR     .....                    (no amulet)
Stlth  ..........               (no ring)
                                (no ring)

@: lethally poisoned (-3 -> -3), not resistant to hostile enchantments,
extremely unstealthy
A: talons 2, nightstalker 1
a: Depart the Abyss, Bend Space, Renounce Religion


You were on level 3 of the Dungeon.
You worshipped Lugonu.
Lugonu was pleased with you.
You were not hungry.

You visited 1 branch of the dungeon, and saw 4 of its levels.
You visited the Abyss 1 time.

You collected 72 gold pieces.

Inventory:

Hand Weapons
 a - a +1 hand axe
 b - a +0 blowgun (weapon)
Missiles
 o - 2 poisoned needles (quivered)
Armour
 j - a +0 plate armour (worn)
 k - a cursed +0 pair of gloves (worn)
Scrolls
 d - a scroll of remove curse {unknown}
 e - 5 scrolls of identify {unknown}
 f - a scroll of random uselessness {unknown}
 l - a scroll of immolation {unknown}
 n - a scroll of noise {unknown}
 q - a scroll of magic mapping {unknown}
Potions
 g - a potion of curing
Books
 h - a book of Misfortune

   Spells                             Type                      Level
   a - Confusing Touch                Hexes                        2
   b - Confuse                        Hexes                        3
   c - Gell's Gravitas                Hexes/Translocation          3
   d - Petrify                        Transmutation/Earth          4
   e - Metabolic Englaciation         Hexes/Ice                    5
   f - Yara's Violent Unravelling     Hexes/Transmutation          5
Comestibles
 c - 2 bread rations
 i - a royal jelly
 m - a meat ration


   Skills:
 + Level 3.8 Fighting
 + Level 2.3 Axes
 * Level 4.4 Armour
 + Level 1.1 Dodging
 + Level 0.4 Stealth
 + Level 2.7 Invocations


You had 4 spell levels left.
You didn't know any spells.

Dungeon Overview and Level Annotations

Branches:
Dungeon (4/15)             Temple (0/1) D:4

Altars:
Xom


Innate Abilities, Weirdness & Mutations

You have razor-sharp toenails.
You are slightly more attuned to the shadows.


Message History

The orc hits you but does no damage.
You hit the orc.
The orc is moderately wounded.
The orc hits you but does no damage.
The orc priest shouts!
You slash the orc!
You kill the orc!
Lugonu accepts your kill.
b - a +0 blowgun (weapon)
You feel sick.
The orc priest shouts!
Firing (i - inventory):
o - 3 poisoned needles (quivered)
Press: ? - help, Shift-Dir - straight line, f - orc priest
Aim: an orc priest, wielding a dagger and wearing a leather armour You shoot a poisoned needle.
The poisoned needle hits the orc priest.
The orc priest is poisoned.
The orc priest mumbles some strange prayers to Beogh against you.
Pain shoots through your body!
You die...

###..#.#(..#..#
......>o.(....####
..........(......#
.....##....(.....#
............(o...#
...#..#..........#
.............)...#
.. #####..###)####
##...@.# ####..#
####


You could see an orc priest.

Vanquished Creatures
  2 orc wizards (D:4)
  An iguana (D:4)
  2 worker ants (D:4)
  A worker ant zombie (D:4)
  4 adders
  2 oozes
  A dart slug (D:1)
  2 giant geckos (D:1)
  4 orcs
  3 bats (D:1)
  A giant cockroach (D:4)
  5 goblins
  2 hobgoblins (D:1)
  2 giant newts
  5 kobolds
  2 rats (D:1)
39 creatures vanquished.

Notes
Turn   | Place    | Note
--------------------------------------------------------------
     0 | Abyss:1  | Gargoyl the Demonspawn Abyssal Knight began the quest for the Orb.
     0 | Abyss:1  | Reached XP level 1. HP: 18/18 MP: 2/2
    45 | Abyss:2  | Noticed a tormentor
    49 | D:1      | Escaped the Abyss
   280 | D:1      | Reached * piety under Lugonu
   320 | D:1      | Reached skill level 2 in Armour
   344 | D:1      | Gained mutation: You are slightly more attuned to the shadows. [demonic ancestry]
   344 | D:1      | Reached XP level 2. HP: 19/24 MP: 3/3
  1074 | D:2      | Gained mutation: You have sharp toenails. [demonic ancestry]
  1074 | D:2      | Reached XP level 3. HP: 24/29 MP: 4/4
  1207 | D:2      | Found a shimmering altar of Xom.
  1216 | D:2      | You fall through a shaft for 2 floors!
  1637 | D:4      | Reached skill level 3 in Armour
  1637 | D:4      | Reached XP level 4. HP: 24/36 MP: 6/6
  1815 | D:4      | Reached skill level 1 in Dodging
  2722 | D:4      | Gained mutation: You have razor-sharp toenails. [demonic ancestry]
  2722 | D:4      | Reached XP level 5. HP: 5/42 MP: 7/7
  2931 | D:4      | Reached ** piety under Lugonu
  3075 | D:4      | Reached skill level 4 in Armour
  3335 | D:4      | Found a staircase to the Ecumenical Temple.
  3335 | D:4      | Noticed a yak
  3335 | D:4      | Noticed a yak
  3335 | D:4      | Noticed a yak
  3335 | D:4      | Noticed a yak
  3407 | D:3      | Killed from afar by an orc priest

Skill      XL: |  1  2  3  4  5 |
---------------+----------------+-----
Armour         | 2 3 4 |  4.4
Axes           | 2 |  2.3
Dodging        | 1 |  1.1
Fighting       | |  3.8
Stealth        | |  0.4
Invocations    | |  2.7

Action                   |  1- 3 |  4- 6 || total
-------------------------+-------+-------++-------
Melee: Hand axe          |    78 |    91 ||   169
       Kick              |     3 |    16 ||    19
 Fire: Blowgun           |       |     1 ||     1
Invok: Depart the Abyss  |     1 |       ||     1
  Use: Potion            |       |     4 ||     4
  Eat: Chunk             |     2 |     6 ||     8
Armor: Ring mail         |    21 |       ||    21
       Chain mail        |     7 |       ||     7
       Plate armour      |     9 |    87 ||    96
Dodge: Dodged            |    28 |    22 ||    50
